 Dungeon Crawl Stone Soup version 0.29.1-12-g30fa7ad0bf (webtiles) character file.

Game seed: 11055094008372388020

49 DildoBatman the Conjurer (level 4, 0/32 HPs)
             Began as a Formicid Conjurer on Jan 6, 2023.
             Constricted to death by a ball python (1 damage)
             ... on level 3 of the Dungeon.
             The game lasted 00:02:47 (1311 turns).

DildoBatman the Conjurer (Formicid Conjurer)        Turns: 1311, Time: 00:02:47

Health: 0/32       AC:  3    Str: 12    XL:     4   Next: 1%
Magic:  5/8        EV:  9    Int: 19    God:
Gold:   98         SH:  0    Dex: 12    Spells: 5/8 levels left

rFire   . . .      SeeInvis +   a - +0 spear
rCold   . . .      Faith    .   (no shield)
rNeg    . . .      Spirit   .   k - +0 robe
rPois   .          Reflect  .   (helmet unavailable)
rElec   .          Harm     .   (no cloak)
rCorr   .          Rampage  .   n - +0 pair of gloves
Will    .....                   (no boots)
Stlth   ++........              (no amulet)
HPRegen 0.10/turn               (no ring)
MPRegen 0.11/turn               (no ring)

@: constricted
A: permanent stasis, dig shafts and tunnels, antennae 3, four strong arms
a: Dig, Shaft Self


You were on level 3 of the Dungeon.
You visited 1 branch of the dungeon, and saw 3 of its levels.

You collected 98 gold pieces.

Inventory:

Hand Weapons
 a - a +0 spear (weapon)
 b - a +0 triple sword
 c - a +0 club
 f - a +0 dagger
Missiles
 e - 9 stones
Armour
 k - a +0 robe (worn)
 n - a +0 pair of gloves (worn)
Jewellery
 l - a ring of ice
Scrolls
 d - a scroll of blinking {unknown}
 h - a scroll of vulnerability {unknown}
 i - 3 scrolls of identify {unknown}
 o - 2 scrolls of enchant armour {unknown}
 p - a scroll of fear {unknown}
 r - a scroll of fog {unknown}
Potions
 g - 2 potions of heal wounds {unknown}
 j - a potion of haste {unknown}
 m - 2 potions of degeneration {unknown}
 q - a potion of magic


   Skills:
 * Level 1.5 Fighting
 * Level 1.5 Armour
 - Level 2.0 Dodging
 - Level 2.4 Stealth
 * Level 2.7 Spellcasting
 * Level 3.9 Conjurations


You had 5 spell levels left.
You knew the following spells:

 Your Spells              Type           Power      Damage    Failure   Level
a - Searing Ray           Conj           34%        2d5       4%          2
c - Magic Dart            Conj           68%        1d6       3%          1

Your spell library contained the following spells:

 Spells                   Type           Power      Damage    Failure   Level
 Apportation              Tloc           4%         N/A       16%         1
 Dazzling Flash           Conj/Hex       20%        N/A       22%         3
 Fulminant Prism          Conj/Hex       5%         3d7       56%         4
 Iskenderun's Mystic Bla  Conj/Tloc      10%        2d4       56%         4
 Alistair's Intoxication  Tmut/Pois      1%         N/A       99%         5


Dungeon Overview and Level Annotations

Branches:
Dungeon (2/15)

Altars:

Annotations:
D:2 exclusion: 2 kobolds, Natasha, Terence


Innate Abilities, Weirdness & Mutations

You cannot be hasted, slowed, berserked, paralysed or teleported.
You can dig through walls and to a lower floor.
You have a pair of large antennae on your head. (SInv)
Your four strong arms can wield two-handed weapons with a shield.


Message History

The ball python constricts you. What are your orders? t - Shout!
Orders for allies: a - Attack new target. r - Retreat! s - Stop attacking. g - Guard the area. f - Follow me.
Anything else - Cancel.
You shout for attention!
The ball python barely misses you. The ball python constricts you.
The ball python bites you but does no damage.
The ball python constricts you. What are your orders? t - Shout!
Orders for allies: a - Attack new target. r - Retreat! s - Stop attacking. g - Guard the area. f - Follow me.
Anything else - Cancel.
You shout for attention!
The ball python bites you but does no damage.
The ball python constricts you. What are your orders? t - Shout!
Orders for allies: a - Attack new target. r - Retreat! s - Stop attacking. g - Guard the area. f - Follow me.
Anything else - Cancel.
You shout for attention!
The ball python closely misses you. The ball python constricts you.
What are your orders? t - Shout!
Orders for allies: a - Attack new target. r - Retreat! s - Stop attacking. g - Guard the area. f - Follow me.
Anything else - Cancel.
You shout for attention!
The ball python barely misses you. The ball python constricts you.
You die...

## .# .#
#.###.###.#
#...@.....#
###.S......#
#.#.####.#
#. .. #. ##.
#. .# #. #
#.


You could see a ball python.

Vanquished Creatures
  2 adders (D:2)
  A worm (D:2)
  A dart slug (D:2)
  A bat (D:2)
  An endoplasm (D:1)
  A giant cockroach (D:2)
  5 goblins
  3 hobgoblins
  2 kobolds
  A quokka (D:2)
  4 ball pythons
  A rat (D:1)
23 creatures vanquished.

Notes
Turn   | Place    | Note
-------+----------+-------------------------------------------
     0 | D:1      | DildoBatman the Formicid Conjurer began the quest for the
                  | Orb.
     0 | D:1      | Reached XP level 1. HP: 13/13 MP: 3/3
   259 | D:1      | Reached XP level 2. HP: 20/20 MP: 1/5
   275 | D:1      | Learned a level 2 spell: Searing Ray
   397 | D:1      | Found a faded altar of an unknown god.
   678 | D:2      | Reached skill level 1 in Armour
   754 | D:2      | Reached skill level 1 in Fighting
   754 | D:2      | Reached XP level 3. HP: 26/26 MP: 3/6
   894 | D:2      | Noticed Terence
   987 | D:2      | Noticed Natasha
  1271 | D:2      | Reached XP level 4. HP: 32/32 MP: 0/8
  1273 | D:2      | You fall into a shaft and drop 1 floor!
  1309 | D:3      | HP: 1/32 [constriction (1)]
  1311 | D:3      | Constricted to death by a ball python

Illustrated notes

Levels and vault maps discovered:
D:1:      lemuel_arrival_behind_the_door_small, layout_basic,
          hellmonk_ecumenical_altar_zigzags, minivault_14, item_on_display_a
D:2:      minmay_inner_zag, layout_basic, basic_altar, nrook_mini_backslash,
          uniq_natasha, uniq_terence
D:3:      layout_loops_corners, mainiacjoe_overflow_concentric_impassable,
          serial_park_tiny_1, nicolae_hexahallways, minmay_misc_feat_room

Skill      XL: |  1  2 |
---------------+-------+-----
Dodging        | 2 |  2.0
Armour         | 1 |  1.5
Fighting       | 1 |  1.5
Stealth        | |  2.4
Spellcasting   | |  2.7
Conjurations   | |  3.9

Action                   |  1- 3 |  4- 6 || total
-------------------------+-------+-------++-------
Melee: Dagger            |     2 |       ||     2
       Spear             |     8 |       ||     8
 Cast: Magic Dart        |    43 |       ||    43
       Searing Ray       |     1 |       ||     1
 Abil: Shaft Self        |       |     1 ||     1
 Stab: Sleeping          |     1 |       ||     1
Armor: Robe              |     1 |    13 ||    14
Dodge: Dodged            |     9 |    16 ||    25
